 Dungeon Crawl Stone Soup version 0.14-a0-2091-gca92d1a (webtiles) character file.

4446 Medar the Cruncher (level 10, -9/58 HPs)
             Began as a Formicid Arcane Marksman on Jan 26, 2014.
             Was an Initiate of Zin (penitent).
             Mangled by a gnoll
             ... wielding a +2,+2 halberd of electrocution
              (12 damage)
             ... in a bailey.
             The game lasted 00:41:45 (12834 turns).

Medar the Cruncher (Formicid Arcane Marksman)      Turns: 12834, Time: 00:41:45

HP  -9/58        AC 12     Str 17      XL: 10   Next: 88%
MP   5/19        EV 10     Int 15      God: *Zin
Gold 143         SH  0     Dex 10      Spells:  5 memorised,  3 levels left

rFire  . . .     SeeInvis +     a - +0 quarterstaff
rCold  + . .     Clarity  +     q - +3 ring mail
rNeg   . . .     Conserve .     (no shield)
rPois  x         rCorr    .     (helmet unavailable)
rElec  .         rRot     .     (no cloak)
SustAb . .       Spirit   .     (no gloves)
rMut   .         Warding  .     (no boots)
Saprov . . .     Stasis   +     D - amulet of clarity {unknown}
MR     +....                    j - ring of protection from cold {unknown}
                                o - +3 ring of protection

@: very slightly contaminated, somewhat resistant to hostile enchantments,
extremely unstealthy
A: permanent stasis, dig shafts and tunnels, four strong arms, poison weakness,
antennae 3, exoskeleton 1
a: Dig, Shaft Self, Renounce Religion


You were in a bailey.
You worshipped Zin.
Zin was demanding penance.
You were not hungry.

You visited 2 branches of the dungeon, and saw 9 of its levels.
You also visited: Ossuary and Bailey.

You collected 300 gold pieces.
You donated 157 gold pieces.

Inventory:

Hand weapons
 a - a +0,+0 quarterstaff (weapon)
 b - a cursed +0 blowgun
 y - a +0,+1 halberd of electrocution
Missiles
 h - a throwing net (quivered)
 m - 67 darts
 p - a throwing net [torn]
 u - 2 tomahawks
 w - 21 poisoned needles
 F - 9 darts of flame
 H - 26 tomahawks of returning
Armour
 q - a +3 ring mail (worn)
 r - a +1 dwarven shield
Comestibles
 f - a bread ration
 g - 4 meat rations
 G - 2 rotting chunks of jackal flesh
Scrolls
 e - a scroll of curse armour
 i - a scroll of recharging {unknown}
 k - a scroll of silence {unknown}
 l - 3 scrolls of remove curse
 s - a scroll of immolation {unknown}
 A - a scroll of noise {unknown}
Jewellery
 j - a ring of protection from cold (right hand) {unknown}
 o - a +3 ring of protection (left hand)
 x - an uncursed ring of flight
 D - an amulet of clarity (around neck) {unknown}
Potions
 n - 2 potions of agility
 t - a potion of restore abilities
 v - a potion of invisibility
 z - a potion of berserk rage {unknown}
 B - a potion of heal wounds {unknown}
 C - 5 potions of curing
 E - a potion of lignification {unknown}
Books
 c - a book of Dreams

   Spells                             Type                      Level
   *Ensorcelled Hibernation           Hexes/Ice                    2
   Flight                             Charms/Air                   3
   Phase Shift                        Translocation                5
   Shadow Creatures                   Summoning                    5
   Mass Confusion                     Hexes                        6
   Darkness                           Hexes                        7
 d - a book of Debilitation

   Spells                             Type                      Level
   *Corona                            Hexes                        1
   *Slow                              Hexes                        2
   Inner Flame                        Hexes/Fire                   3
   *Enslavement                       Hexes                        4
   *Cause Fear                        Hexes                        4
   Leda's Liquefaction                Hexes/Earth                  4


   Skills:
 + Level 1.3 Fighting
 - Level 11.1 Staves
 - Level 3.2 Throwing
 - Level 4.0 Armour
 - Level 1.7 Dodging
 - Level 3.6 Spellcasting
 - Level 9.2 Hexes


You had 3 spell levels left.
You knew the following spells:

 Your Spells              Type           Power        Failure   Level  Hunger
d - Slow                  Hex            ####....     1%          2    ##.....
f - Cause Fear            Hex            ####......   6%          4    ####...
g - Enslavement           Hex            ####....     6%          4    ####...
h - Ensorcelled Hibernat  Hex/Ice        ###...       4%          2    ##.....
s - Corona                Hex            ####...      1%          1    None


Dungeon Overview and Level Annotations

Branches:
Dungeon (8/16)             Temple (1/1) D:7
   Lair: D:8-11

Altars:
Ashenzari
Cheibriados
Dithmengos
Elyvilon
Fedhas
Kikubaaqudgha
Makhleb
Nemelex Xobeh
Okawaru
Sif Muna
Trog
Vehumet
Xom
Yredelemnul
Zin
The Shining One


Innate Abilities, Weirdness & Mutations

Your are under a permanent stasis effect.
You can dig through walls and to a lower floor.
Your four strong arms can wield any weapon, most with a shield.
You are susceptible to poison.
You have a pair of large antennae on your head (SInv).
Your body is surrounded by an exoskeleton. (AC +1)


Message History

Aiming: Enslavement
Press: ? - help, Shift-Dir - straight line, f - gnoll
Aim: a gnoll, wielding a halberd of electrocution The gnoll struggles to resist.
The gnoll hits you from afar with a halberd of electrocution.
* * * LOW HITPOINT WARNING * * *
Casting: Enslavement
Confirm with . or Enter, or press ? or * to list all spells.
Aiming: Enslavement
Press: ? - help, Shift-Dir - straight line, f/p - gnoll
Aim: a gnoll, wielding a halberd of electrocution You miscast Enslavement.
You are very lightly contaminated with residual magic.
Your skin glows momentarily.
The goblin throws a tomahawk of returning.
The tomahawk of returning misses you.
The weapon returns to the goblin!
The gnoll hits you from afar with a halberd of electrocution!
* * * LOW HITPOINT WARNING * * *
You are electrocuted!
You die...

### ### #####
#∩###@###)'(#
##'##'##{###(#
##%.gg{## #)K
###%....###
g{..
#.'..∩..'.#
.g..'
###.....###
.... ##.....##
.. ##'##'##)#
' #.###.###.#{


You could see a gnoll and a goblin.

Vanquished Creatures
  A hill giant (D:7)
  Pikel (D:6)
  The ghost of Kae the Ruinous, an average TeFE (D:5)
  A hippogriff (D:7)
  Menkaure (D:4)
  3 slaves (D:6)
  2 sky beasts
  6 ogres
  A phantom (D:7)
  A centaur (D:6)
  Sigmund (D:1)
  3 giant frogs
  3 killer bees (D:8)
  3 wights (D:7)
  A hippogriff skeleton (D:6)
  A giant frog zombie (D:3)
  3 crimson imps
  A hound (D:7)
  A goliath beetle (D:6)
  An orc priest (D:6)
  A giant frog skeleton (D:4)
  5 orc wizards
  6 worker ants
  4 iguanas
  2 scorpions
  A mummy (D:7)
  A hound skeleton (D:5)
  11 adders
  5 gnolls
  A giant centipede (D:4)
  2 giant mites
  A goliath beetle zombie (D:6)
  4 worms
  An iguana skeleton (D:4)
  2 giant eyeballs
  5 giant geckos
  An ooze (D:6)
  21 orcs
  4 ball pythons
  16 bats
  10 giant cockroaches
  27 goblins
  13 hobgoblins
  8 jackals
  A quokka (D:3)
  A ball python skeleton (D:6)
  A giant gecko skeleton (D:4)
  4 giant newts
  A giant newt skeleton (D:5)
  A giant spore (D:5)
  16 kobolds
  A kobold zombie (D:5)
  15 rats
  A ballistomycete (D:5)
230 creatures vanquished.

Vanquished Creatures (collateral kills)
  Grinder (D:6)
  3 killer bees (D:8)
  An orc (D:6)
5 creatures vanquished.

Grand Total: 235 creatures vanquished

Notes
Turn   | Place    | Note
--------------------------------------------------------------
     0 | D:1      | Medar, the Formicid Arcane Marksman, began the quest for the Orb.
     0 | D:1      | Reached XP level 1. HP: 13/13 MP: 2/2
   288 | D:1      | Reached XP level 2. HP: 8/18 MP: 1/3
   886 | D:1      | Learned a level 2 spell: Slow
   938 | D:1      | Reached XP level 3. HP: 20/23 MP: 2/4
  1531 | D:2      | Noticed Sigmund
  1537 | D:1      | You fall through a shaft!
  1837 | D:2      | Reached XP level 4. HP: 25/28 MP: 3/5
  1997 | D:2      | Reached skill level 1 in Armour
  2591 | D:3      | Reached XP level 5. HP: 31/33 MP: 0/7
  3061 | D:3      | Found a bloodstained altar of Trog.
  3447 | D:3      | Reached skill level 4 in Armour
  3732 | D:3      | Reached XP level 6. HP: 32/38 MP: 4/8
  3783 | D:3      | Learned a level 4 spell: Cause Fear
  4224 | D:4      | Reached skill level 5 in Hexes
  4458 | D:4      | Reached XP level 7. HP: 35/43 MP: 9/9
  4799 | D:4      | Noticed an ogre
  4809 | D:4      | Killed an ogre
  4809 | D:4      | Reached skill level 6 in Hexes
  4852 | D:4      | Found a burning altar of Makhleb.
  4914 | D:4      | Noticed Menkaure
  4922 | D:4      | Killed Menkaure
  4922 | D:4      | Reached skill level 7 in Hexes
  4992 | D:4      | Found a shadowy altar of Dithmengos.
  5067 | D:4      | Reached XP level 8. HP: 34/48 MP: 8/10
  5323 | D:4      | Reached skill level 8 in Hexes
  5342 | D:4      | Found a radiant altar of Vehumet.
  5342 | D:4      | Found a basalt altar of Yredelemnul.
  5408 | D:5      | Entered Level 5 of the Dungeon
  5506 | D:5      | Found a sand-covered staircase.
  5538 | Ossuary  | Entered an ossuary
  5798 | D:5      | Reached skill level 9 in Hexes
  6213 | D:5      | Learned a level 4 spell: Enslavement
  6507 | D:5      | Reached skill level 1 in Staves
  6873 | D:5      | Noticed Kae's ghost (average TeFE)
  6899 | D:5      | Killed Kae's ghost
  6899 | D:5      | Reached XP level 9. HP: 43/53 MP: 13/18
  7197 | D:6      | Noticed Pikel
  7644 | D:6      | Reached skill level 5 in Staves
  8737 | D:6      | Noticed Grinder
  8814 | D:7      | Noticed a hill giant
  9069 | D:6      | Killed Grinder
  9445 | D:7      | Reached XP level 10. HP: 52/58 MP: 10/19
  9524 | D:7      | Found a staircase to the Ecumenical Temple.
  9740 | Temple   | Entered the Ecumenical Temple
  9841 | Temple   | Became a worshipper of Zin the Law-Giver
  9841 | Temple   | Acquired Zin's first power
  9842 | Temple   | Donated 127 gold pieces to Zin
  9990 | D:7      | Learned a level 2 spell: Ensorcelled Hibernation
 10030 | D:7      | Found a snail-covered altar of Cheibriados.
 10853 | D:6      | Killed Pikel
 11252 | D:1      | Killed Sigmund
 11252 | D:1      | Reached skill level 10 in Staves
 12009 | D:7      | Killed a hill giant
 12368 | D:8      | Was placed under penance by Zin
 12373 | D:8      | Reached skill level 11 in Staves
 12520 | D:8      | Found a flagged portal.
 12544 | Bailey   | Entered a bailey
 12834 | Bailey   | Mangled by a gnoll

Action                   |  1- 3 |  4- 6 |  7- 9 | 10-12 || total
-------------------------+-------+-------+-------+-------++-------
Melee: Short sword       |    95 |   234 |   192 |       ||   521
       Unarmed           |     7 |       |       |       ||     7
       Quarterstaff      |       |       |   262 |   301 ||   563
 Fire: Blowgun           |       |     4 |       |       ||     4
Throw: Large rock        |       |    17 |    35 |    16 ||    68
       Tomahawk          |       |     7 |     8 |     2 ||    17
       Dart              |       |       |     5 |     1 ||     6
       Throwing net      |       |       |     4 |     1 ||     5
 Cast: Corona            |    33 |    30 |    67 |    23 ||   153
       Slow              |     1 |    18 |    47 |    25 ||    91
       Enslavement       |       |       |    13 |     8 ||    21
       Ensorcelled Hiber |       |       |       |     4 ||     4
 Abil: Shaft Self        |     1 |       |       |       ||     1
       Dig               |       |       |       |     4 ||     4
  Use: Potion            |     2 |     2 |     2 |     1 ||     7
       Scroll            |       |     2 |     8 |     2 ||    12
 Stab: Distracted        |       |       |       |     1 ||     1
       Betrayed ally     |       |       |       |     1 ||     1
